 Dungeon Crawl Stone Soup version 0.20.1-1-g8b1a95d (webtiles) character file.

84 ANON1729 the Shield-Bearer (level 4, 0/37 HPs)
             Began as a Formicid Fighter on Aug 10, 2017.
             Succumbed to a worker ant's poison
             ... on level 5 of the Dungeon.
             The game lasted 00:04:10 (1389 turns).

ANON1729 the Shield-Bearer (Formicid Fighter)       Turns: 1389, Time: 00:04:11

Health: 0/37       AC:  7    Str: 26    XL:     4   Next: 74%
Magic:  4/4        EV:  8    Int:  8    God:
Gold:   51         SH: 10    Dex: 10    Spells: 3/3 levels left

rFire    . . .     SeeInvis +   a - +1 long sword
rCold    . . .     Gourm    .   c - +0 shield
rNeg     . . .     Faith    .   b - +0 scale mail
rPois    .         Spirit   .   (helmet unavailable)
rElec    .         Reflect  .   (no cloak)
rCorr    .         Harm     .   (no gloves)
MR       .....                  (no boots)
Stlth    +.........             (no amulet)
Regen    0.2/turn               g - ring of stealth
MPRegen  0.1/turn               (no ring)

@: mighty, lethally poisoned (0 -> -2), flying (expiring), very slightly
contaminated, invisible
A: permanent stasis, dig shafts and tunnels, four strong arms, antennae 3
a: Dig, Shaft Self


You were on level 5 of the Dungeon.
You were very hungry.

You visited 1 branch of the dungeon, and saw 4 of its levels.

You collected 51 gold pieces.

Inventory:

Hand Weapons
 a - a +1 long sword (weapon)
Armour
 b - a +0 scale mail (worn)
 c - a +0 shield (worn)
Jewellery
 g - a ring of stealth (left hand)
Scrolls
 l - a scroll of fog
 o - a scroll of magic mapping
 p - a scroll of blinking
Potions
 e - 2 potions of flight
 k - a potion of haste
Comestibles
 f - 2 bread rations
 i - a royal jelly
 j - 2 meat rations


   Skills:
 + Level 4.1 Fighting
 + Level 2.6 Long Blades
 + Level 4.0 Armour
 + Level 4.4 Shields


You had 3 spell levels left.
You didn't know any spells.

Dungeon Overview and Level Annotations

Branches:
Dungeon (3/15)

Altars:
Makhleb
Ru
Xom


Innate Abilities, Weirdness & Mutations

You cannot be hasted, slowed, berserked, paralysed or teleported.
You can dig through walls and to a lower floor.
Your four strong arms can wield two-handed weapons with a shield.
You have a pair of large antennae on your head. (SInv)


Message History

Wield which item (- for none, * to show all)? (? for menu, Esc to quit)
Okay, then.
Okay, then.
As you read the scroll labeled VUROT KEBAI, it crumbles to dust.
It is a scroll of identify.
l - a scroll of fog
As you read the scroll of identify, it crumbles to dust.
o - a scroll of magic mapping
As you read the scroll of identify, it crumbles to dust.
p - a scroll of blinking
* * * LOW HITPOINT WARNING * * *
You feel sick.
As you read the scroll labeled WATWELI FEUDAG, it crumbles to dust.
It is a scroll of enchant weapon.
Your +0 long sword glows red for a moment.
Found 9 gold pieces and a spear.
* * * LOW HITPOINT WARNING * * *
You feel sick.
You are starting to lose your buoyancy.
You die...

#..... ## ##$...
#..##....#
.........########.#.
#............... #
#..#.###.## ##.
#..#.....#
###...##..#######
.......@..#
###...##.## #... ..#
#.. ..# #. ...# #
.... ..... ..


There were no monsters in sight!

Vanquished Creatures
  A worker ant (D:5)
  A gnoll (D:3)
  An adder (D:5)
  2 worms (D:2)
  A dart slug (D:1)
  A leopard gecko (D:1)
  A giant cockroach (D:3)
  4 goblins
  4 hobgoblins
  4 jackals (D:2)
  3 bats
  2 frilled lizards (D:1)
  9 kobolds
  4 rats
38 creatures vanquished.

Notes
Turn   | Place    | Note
-------+----------+-------------------------------------------
     0 | D:1      | ANON1729 the Formicid Fighter began the quest for the Orb.
     0 | D:1      | Reached XP level 1. HP: 18/18 MP: 1/1
    77 | D:1      | Reached XP level 2. HP: 19/24 MP: 2/2
   509 | D:2      | Reached XP level 3. HP: 28/29 MP: 3/3
  1045 | D:2      | Found a burning altar of Makhleb.
  1049 | D:2      | Found a sacrificial altar of Ru.
  1054 | D:2      | Found a shimmering altar of Xom.
  1308 | D:3      | Reached XP level 4. HP: 27/37 MP: 4/4
  1359 | D:3      | You are sucked into a shaft for 2 floors!
  1359 | D:5      | Entered Level 5 of the Dungeon
  1381 | D:5      | HP: 1/37 [poisoned by a worker ant]
  1389 | D:5      | Succumbed to a worker ant's poison

Skill      XL: |  1  2  3  4 |
---------------+-------------+-----
Shields        | 4 |  4.4
Fighting       | 4 |  4.1
Armour         | 4 |  4.0
Long Blades    | |  2.6

Action                   |  1- 3 |  4- 6 || total
-------------------------+-------+-------++-------
Melee: Long sword        |    97 |    19 ||   116
 Abil: Shaft Self        |       |     1 ||     1
  Use: Potion            |       |     5 ||     5
       Scroll            |       |     4 ||     4
  Eat: Chunk             |     1 |       ||     1
Armor: Scale mail        |    42 |    16 ||    58
Dodge: Dodged            |    39 |    19 ||    58
Block: Shield            |    57 |    18 ||    75
       Rpst.: Long sword |    10 |     3 ||    13
